 Dungeon Crawl Stone Soup version 0.22.0-6-g71bd7aa6b3 (webtiles) character file.

377 IceCat the Chiller (level 6, -5/32 HPs)
             Began as a Deep Elf Ice Elementalist on Aug 15, 2018.
             Was an Initiate of Sif Muna.
             Slain by dududu's ghost (13 damage)
             ... on level 4 of the Dungeon.
             The game lasted 00:15:54 (3775 turns).

IceCat the Chiller (Deep Elf Ice Elementalist)      Turns: 3775, Time: 00:15:55

Health: -5/32      AC:  4    Str:  5    XL:     6   Next: 45%
Magic:  0/15       EV: 13    Int: 22    God:    Sif Muna [......]
Gold:   199        SH:  0    Dex: 15    Spells: 1/15 levels left

rFire    x . .     SeeInvis .   m - +0 dagger
rCold    + . .     Gourm    .   (no shield)
rNeg     . . .     Faith    .   a - +0 robe
rPois    .         Spirit   .   t - +0 helmet
rElec    .         Reflect  .   g - +0 cloak
rCorr    .         Harm     .   (no gloves)
MR       .....                  (no boots)
Stlth    ++........             (no amulet)
HPRegen  0.10/turn              s - ring of ice
MPRegen  0.14/turn              v - ring of flight

@: no status effects
A: no striking features
a: Renounce Religion, Evoke Flight


You were on level 4 of the Dungeon.
You worshipped Sif Muna.
Sif Muna was noncommittal.
You were not hungry.

You visited 1 branch of the dungeon, and saw 4 of its levels.

You collected 199 gold pieces.

Inventory:

Hand Weapons
 m - a +0 dagger (weapon)
Armour
 a - a +0 robe (worn)
 g - a +0 cloak (worn)
 j - a scarf of spirit shield
 t - a +0 helmet (worn)
Jewellery
 s - a ring of ice (left hand)
 v - a ring of flight (right hand)
Scrolls
 b - 2 scrolls of blinking {unknown}
 h - a scroll of fear {unknown}
 i - a scroll of enchant weapon {unknown}
 k - a scroll of enchant armour {unknown}
 p - 3 scrolls of teleportation {unknown}
 q - a scroll of identify {unknown}
 r - a scroll of magic mapping {unknown}
 w - 2 scrolls of remove curse {unknown}
Potions
 d - a potion of ambrosia {unknown}
 e - a potion of agility {unknown}
 f - 4 potions of curing {unknown}
 l - a potion of degeneration {unknown}
 n - a potion of berserk rage {unknown}
 u - 2 potions of flight {unknown}
Comestibles
 c - 4 rations


   Skills:
 + Level 0.1 Fighting
 + Level 3.1 Dodging
 + Level 3.1 Stealth
 + Level 5.0 Spellcasting
 * Level 3.0 Conjurations
 * Level 0.6 Summonings
 + Level 6.0 Ice Magic


You had one spell level left.
You knew the following spells:

 Your Spells              Type           Power        Failure   Level  Hunger
a - Freeze                Ice            ####         1%          1    None
b - Throw Frost           Conj/Ice       #####.       2%          2    None
c - Throw Icicle          Conj/Ice       #####...     16%         4    ####...
d - Ozocubu's Armour      Chrm/Ice       ####....     9%          3    ##.....
e - Summon Ice Beast      Ice/Summ       ####....     26%         4    ####...

Your spell library contained the following spells:

 Spells                   Type           Power        Failure   Level  Hunger


Dungeon Overview and Level Annotations

Branches:
Dungeon (4/15)
 Temple: D:4-7

Altars:
Cheibriados
Sif Muna

Shops:
D:4 *

Annotations:
D:4 Blork the orc; dududu's ghost, amateur DDFi


Message History

Dududu's ghost closely misses you.
Casting: Freeze (safe; 1% risk of failure)
Confirm with . or Enter, or press ? or * to list all spells.
Aiming: Freeze (safe; 1% risk of failure)
Press: ? - help, Shift-Dir - straight line, f/p - dududu's ghost
Aim: dududu's ghost (moderately damaged)
You feel a surge of power!
You freeze dududu's ghost.
Dududu's ghost is moderately damaged.
Dududu's ghost hits you!
Ouch! That really hurt!
* * * LOW HITPOINT WARNING * * *
Casting: Freeze (safe; 1% risk of failure)
Confirm with . or Enter, or press ? or * to list all spells.
Aiming: Freeze (safe; 1% risk of failure)
Press: ? - help, Shift-Dir - straight line, f/p - dududu's ghost
Aim: dududu's ghost (moderately damaged)
You feel a surge of power!
You freeze dududu's ghost.
Dududu's ghost is heavily damaged.
Dududu's ghost hits you!
You die...

#..#+#.........#### ..
#..+_'.........# # #.#
#..#'#........#.### #.#
#.............##...
#.#####....######.#####
# #.........## #.#
.##.###.#######.#
###.#####
........#######.#
#........
.......8..∩W@8..#
#.####### #
%##.#.#.######..# #Y# #
##.#
#.#.#######.#####÷# #
#..#
#..............##Y####
# #..#
#..##)#####.##.##....#
###..##.#.. #.# #.#
#####Y# ........... #.#
##########.#
###..##.##. #..
≈≈≈≈≈≈#Y.# ..>..##.##.
#.. ≈?≈≈≈≈w..#


You could see dududu's ghost.

Vanquished Creatures
  A hound (D:4)
  An orc priest (D:3)
  Jessica (D:3)
  4 orc wizards (D:3)
  2 worker ants (D:4)
  Robin (D:3)
  2 adders (D:2)
  An ooze (D:4)
  A worm (D:3)
  A dart slug (D:1)
  5 orcs (D:3)
  A ball python (D:3)
  4 bats
  2 giant cockroaches
  14 goblins
  5 hobgoblins
  4 frilled lizards
  10 kobolds
  7 rats
67 creatures vanquished.

Vanquished Creatures (collateral kills)
  A bullfrog (D:4)
  2 leopard geckos (D:4)
  A rat (D:4)
4 creatures vanquished.

Grand Total: 71 creatures vanquished

Notes
Turn   | Place    | Note
-------+----------+-------------------------------------------
     0 | D:1      | IceCat the Deep Elf Ice Elementalist began the quest for the Orb.
     0 | D:1      | Reached XP level 1. HP: 10/10 MP: 6/6
   384 | D:1      | Reached XP level 2. HP: 14/15 MP: 5/8
   388 | D:1      | Learned a level 2 spell: Throw Frost
   852 | D:2      | Found a faded altar of an unknown god.
   924 | D:2      | Reached XP level 3. HP: 19/19 MP: 1/10
  1249 | D:2      | Reached skill level 4 in Ice Magic
  1737 | D:3      | Noticed Robin
  1797 | D:3      | Reached XP level 4. HP: 2/24 MP: 0/12
  2123 | D:3      | Noticed Jessica
  2127 | D:3      | Killed Jessica
  2307 | D:3      | Killed Robin
  2307 | D:3      | Reached XP level 5. HP: 27/28 MP: 5/13
  2350 | D:3      | Reached skill level 5 in Ice Magic
  2379 | D:3      | Learned a level 4 spell: Throw Icicle
  2460 | D:3      | Learned a level 3 spell: Ozocubu's Armour
  2766 | D:3      | Found a deep blue altar of Sif Muna.
  2770 | D:3      | Became a worshipper of Sif Muna the Loreminder
  2970 | D:4      | Noticed Blork the orc
  2972 | D:4      | Noticed an ogre
  3386 | D:4      | Reached XP level 6. HP: 32/32 MP: 2/15
  3474 | D:4      | Found a snail-covered altar of Cheibriados.
  3618 | D:4      | Learned a level 4 spell: Summon Ice Beast
  3682 | D:4      | Found a runed door.
  3683 | D:4      | Noticed dududu's ghost (amateur DDFi)
  3722 | D:4      | Reached skill level 5 in Spellcasting
  3722 | D:4      | Reached skill level 6 in Ice Magic
  3754 | D:4      | Found Oreqiy's Assorted Antiques.
  3775 | D:4      | Slain by dududu's ghost

Skill      XL: |  1  2  3  4  5  6 |
---------------+-------------------+-----
Dodging        | 3 |  3.1
Ice Magic      | 4 5 6 |  6.0
Stealth        | 3 |  3.1
Spellcasting   | 4 5 |  5.0
Conjurations   | 2 3 |  3.0
Fighting       | |  0.1
Summonings     | |  0.6

Action                   |  1- 3 |  4- 6 || total
-------------------------+-------+-------++-------
Melee: Dagger            |     2 |     1 ||     3
 Cast: Freeze            |    31 |    35 ||    66
       Throw Frost       |    25 |    26 ||    51
       Throw Icicle      |       |     4 ||     4
       Summon Ice Beast  |       |     3 ||     3
  Eat: Chunk             |     3 |     4 ||     7
       Ration            |       |     1 ||     1
Armor: Robe              |     2 |     4 ||     6
Dodge: Dodged            |    13 |    16 ||    29
